Map: Deathaura LE

Players

Serral - Winner!

  • Race: Zerg Zerg
  • League: Master
  • Spawn Location: 11:00

MarineLorD

  • Race: Terran Terran
  • League: Master
  • Spawn Location: 5:00

Event: DreamHack SC2 Masters 2020 Fall

VOD

Have the link to the VOD?

Description

Time

  • Played on: Sept. 12, 2020, 4:11 p.m.
  • Length: 7:05

All games in this series

Show
View Real Time Build Order
Export as new Build Order

Serral Zerg - Winner!

Build Orders: Pool First 

Get SALT Encoding   

  12  0:00  Drone  
  13  0:11  Overlord  
  13  0:16  Drone  
  14  0:30  Drone x2  
  14  0:34  Drone  
  17  0:44  Extractor  
  17  0:45  Drone  
  17  0:49  Spawning Pool  
  16  0:55  Drone  
  17  1:05  Drone  
  18  1:16  Hatchery  
  17  1:20  Drone  
  18  1:36  Queen, Zergling x2  
  18  1:38  Zergling x2  
  22  1:51  Overlord  
  22  2:00  Roach Warren  
  21  2:05  Zergling x2  
  22  2:11  Zergling x2  
  22  2:13  Queen  
  23  2:40  Roach x3  
  23  2:41  Roach  
  23  2:43  Roach  
  33  2:45  Roach  
  35  2:52  Overlord  
  35  3:09  Ravager  
  35  3:13  Ravager  
  33  3:20  Drone x6, Ravager  
  39  3:31  Drone  
  40  3:37  Drone  
  40  3:39  Ravager  
  42  3:49  Drone  
  42  3:50  Hatchery  
  42  3:53  Drone  
  42  3:55  Drone  
  44  3:59  Overlord  
  44  4:03  Overlord  
  44  4:18  Drone x3  
  44  4:20  Metabolic Boost  
  44  4:21  Overlord  
  47  4:29  Drone x4  
  48  4:34  Overlord  
  48  4:36  Drone  
  49  4:46  Queen x2  
  53  4:54  Zergling x8  
  53  4:58  Zergling x4  
  55  5:04  Zergling x2  
  55  5:05  Zergling x6  
  55  5:06  Roach  
  61  5:09  Drone  
  61  5:10  Drone  
  61  5:11  Drone  
  64  5:15  Overlord  
  64  5:16  Drone  
  62  5:21  Drone x2  
  62  5:26  Overlord  
  62  5:27  Ravager  
  62  5:30  Drone x2  
  62  5:33  Queen  
  65  5:36  Lair  
  65  5:38  Drone  
  65  5:40  Drone x2  
  68  5:43  Overlord  
  68  5:47  Drone x2  
  68  5:48  Drone  
  71  5:50  Overlord  
  71  5:52  Drone  
  70  5:57  Extractor  
  70  5:58  Extractor  
  70  6:00  Extractor, Overlord x2  
  67  6:06  Pneumatized Carapace  
  67  6:07  Drone  
  67  6:09  Spore Crawler x2  
  67  6:10  Spore Crawler  
  65  6:12  Queen  
  67  6:21  Roach  
  69  6:26  Roach  
  69  6:32  Roach  
  73  6:33  Roach  
  77  6:40  Roach x3  
  83  6:47  Overseer  
Show
View Real Time Build Order
Export as new Build Order

MarineLorD Terran 

Build Orders:  

Get SALT Encoding   

  12  0:00  SCV  
  13  0:12  SCV  
  14  0:17  Supply Depot  
  14  0:24  SCV  
  15  0:39  Barracks  
  15  0:49  Barracks  
  15  0:52  SCV  
  16  1:01  Refinery  
  17  1:04  SCV  
  17  1:16  SCV  
  18  1:25  Marine  
  18  1:28  Orbital Command  
  18  1:31  Supply Depot  
  19  1:36  Marine  
  20  1:43  Marine  
  21  1:54  Marine  
  21  1:57  Bunker  
  21  2:00  SCV  
  23  2:05  Marine  
  24  2:09  Bunker  
  24  2:11  Marine  
  25  2:19  SCV  
  25  2:20  Factory  
  26  2:23  Marine  
  26  2:29  Marine  
  28  2:40  Bunker  
  28  2:41  SCV  
  29  2:44  Supply Depot  
  29  2:53  SCV  
  30  3:02  Marine  
  30  3:06  Factory Tech Lab, SCV  
  31  3:18  SCV  
  27  3:24  Cyclone  
  25  3:30  SCV  
  26  3:36  Command Center  
  26  3:42  SCV  
  26  3:44  Starport  
  27  3:52  Refinery  
  27  3:54  SCV  
  28  4:04  Cyclone  
  28  4:06  SCV  
  30  4:18  SCV  
  30  4:21  Marine  
  31  4:30  SCV  
  31  4:42  SCV  
  32  4:48  Orbital Command  
  32  4:54  SCV  
  32  4:58  Factory Reactor  
  33  5:01  Banshee  
  33  5:07  SCV  
  37  5:11  Command Center  
  37  5:13  SCV  
  38  5:19  SCV  
  36  5:23  Orbital Command  
  36  5:31  SCV  
  36  5:34  Hellion x2  
  41  5:43  SCV  
  42  5:53  SCV  
  42  5:55  Hellion x2, SCV  
  48  6:01  Viking  
  47  6:04  Barracks Tech Lab  
  47  6:05  SCV  
  47  6:07  SCV  
  49  6:17  Hellion x2, SCV  
  54  6:18  Supply Depot  
  54  6:19  Supply Depot  
  54  6:23  SCV  
  55  6:26  Orbital Command  
  55  6:27  Marine  
  55  6:29  SCV  
  57  6:35  SCV  
  58  6:41  SCV  
  58  6:44  Marine  
  60  6:47  SCV  
  60  6:48  Starport Reactor  
  60  6:50  Barracks x2  

Tags
 
Add a new tag
Caveats
  • Supply blocks, unpowered buildings, or Contaminate may cause inaccurate times.
  • Supply counts are checked every 10 seconds.